 Dungeon Crawl Stone Soup version 0.29.1-2-gbd0b4ee654 (webtiles) character file.

Game seed: 10867983468731804803

266 safid the Shooter (level 6, 0/56 HPs)
             Began as a Minotaur Hunter on Nov 7, 2022.
             Slain by a killer bee (2 damage)
             ... on level 4 of the Dungeon.
             The game lasted 00:04:36 (3031 turns).

safid the Shooter (Minotaur Hunter)                 Turns: 3031, Time: 00:04:36

Health: 0/56       AC:  6    Str: 14    XL:     6   Next: 0%
Magic:  13/13      EV: 12    Int: 10    God:
Gold:   239        SH:  0    Dex: 15    Spells: 5/5 levels left

rFire   . . .      SeeInvis .   a - +0 shortbow
rCold   + . .      Faith    .   (shield currently unavailable)
rNeg    . . .      Spirit   .   c - +1 leather armour
rPois   .          Reflect  .   (helmet restricted)
rElec   .          Harm     .   (no cloak)
rCorr   .          Rampage  .   q - +1 pair of gloves of the Elephant {MP+9}
Will    +....                   (no boots)
Stlth   +.........              d - amulet of the acrobat
HPRegen 0.18/turn               p - ring of willpower
MPRegen 0.13/turn               (no ring)

@: lethally poisoned (0 -> -17), about to teleport
A: horns 2, retaliatory headbutt, clever 1, cold resistance 1, low MP 1
a: no special abilities


You were on level 4 of the Dungeon.
You visited 1 branch of the dungeon, and saw 4 of its levels.

You collected 239 gold pieces.

Inventory:

Hand Weapons
 a - a +0 shortbow (weapon)
Armour
 c - a +1 leather armour (worn)
 q - the +1 pair of gloves of the Elephant (worn) {MP+9}
   (You found it on level 4 of the Dungeon)

   MP:        It affects your magic capacity (+9).
Jewellery
 d - an amulet of the acrobat (around neck)
 l - a ring of ice
 p - a ring of willpower (left hand)
Scrolls
 b - 2 scrolls of immolation
 f - 4 scrolls of teleportation
 g - a scroll of enchant armour
 i - a scroll of butterflies {unknown}
 j - a scroll of poison
 k - a scroll of enchant weapon
Potions
 e - a potion of curing {unknown}
 n - a potion of berserk rage {unknown}
 o - a potion of flight {unknown}


   Skills:
 + Level 5.6 Fighting
 + Level 6.4 Ranged Weapons
 - Level 2.1 Dodging
 - Level 0.7 Stealth


You had 5 spell levels left.
You didn't know any spells.
Your spell library contained the following spells:

 Spells                   Type           Power      Damage    Failure   Level
 Ozocubu's Armour         Ice            0%         N/A       82%         3
 Metabolic Englaciation   Hex/Ice        0%         N/A       100%        5
 Simulacrum               Ice/Necr       0%         N/A       100%        6


Dungeon Overview and Level Annotations

Branches:
Dungeon (4/15)
 Temple: D:4-7

Altars:
Xom

Shops:
D:1 (

Annotations:
D:2 1 runed translucent door, Crazy Yiuf


Innate Abilities, Weirdness & Mutations

You have a pair of horns on your head.
You reflexively headbutt those who attack you in melee.
Your mind is acute. (Int +4, Str/Dex -1)
Your flesh is cold resistant. (rC+)
Your magical capacity is low. (-10% MP)


Message History

It is a scroll of identify.
k - a scroll of enchant weapon You feel very sick.
The killer bee stings you but does no damage. x2
A killer bee comes into view.
The killer bee misses you. The killer bee closely misses you.
The killer bee moves out of view.
As you read the scroll labelled YTHRYJ LUYPN, it crumbles to dust.
You feel strangely unstable.
It was a scroll of teleportation.
You feel very sick.
The killer bee barely misses you. x3; The killer bee completely misses you.
Unknown command.
Unknown command.
Fire: a) +0 shortbow
Press: ? - help, Q - select action Shift-Dir - straight line, f/p - killer bee
Aim: a killer bee (severely wounded, 40% to hit)
You shoot an arrow.
The arrow closely misses the killer bee.
The arrow misses the killer bee.
You feel very sick. The killer bee barely misses you.
The killer bee stings you.
* * * LOW HITPOINT WARNING * * *
You are lethally poisoned!
The killer bee poisons you!
The killer bee stings you but does no damage.
The killer bee misses you. The killer bee closely misses you.
The killer bee stings you.
* * * LOW HITPOINT WARNING * * *
You are more poisoned.
The killer bee poisons you!
Unknown command.
It was a potion of mutation.
You feel extremely strange.
You feel less energetic.
You feel resistant to cold.
You feel clever.
* * * LOW HITPOINT WARNING * * *
You feel very sick. The killer bee stings you.
* * * LOW HITPOINT WARNING * * *
The killer bee stings you but does no damage. x2
The killer bee stings you.
You die...

#..>....#......
###.........#
##........##
#.........# #§
##....##.#.. §§
#.......# ☼§
##.#..>.# .#
#..###..###y§#
#..###...#@yy§#
#..§§☼§§§§☼y§##
#..☼☼☼§#§§####
##.§§..####
#.....# ##...#
####


You could see 4 killer bees.

Vanquished Creatures
  Sigmund (D:2)
  4 adders
  2 worms (D:3)
  2 dart slugs
  4 ball pythons
  3 bats
  An endoplasm (D:2)
  6 giant cockroaches
  6 goblins
  5 hobgoblins
  3 quokkas
  5 frilled lizards
  5 kobolds
  2 rats (D:2)
49 creatures vanquished.

Vanquished Creatures (others)
  A fungus (D:2)
1 creature vanquished.

Grand Total: 50 creatures vanquished

Notes
Turn   | Place    | Note
-------+----------+-------------------------------------------
     0 | D:1      | safid the Minotaur Hunter began the quest for the Orb.
     0 | D:1      | Reached XP level 1. HP: 18/18 MP: 0/0
   316 | D:1      | Reached XP level 2. HP: 25/26 MP: 1/1
   518 | D:1      | Found a faded altar of an unknown god.
   564 | D:1      | Found Izxeiw's Weapon Emporium.
  1022 | D:2      | Reached skill level 5 in Ranged Weapons
  1022 | D:2      | Reached XP level 3. HP: 28/31 MP: 2/2
  1191 | D:2      | Noticed Sigmund
  1480 | D:2      | Killed Sigmund
  1481 | D:2      | Reached skill level 5 in Fighting
  1481 | D:2      | Reached skill level 6 in Ranged Weapons
  1481 | D:2      | Reached XP level 4. HP: 24/42 MP: 3/3
  1481 | D:2      | Reached XP level 5. HP: 28/48 MP: 4/4
  1872 | D:2      | Found a runed translucent door.
  1873 | D:2      | Noticed Crazy Yiuf
  1893 | D:3      | Found a shimmering altar of Xom.
  2934 | D:4      | Reached XP level 6. HP: 56/56 MP: 5/5
  2943 | D:4      | Identified the +1 pair of gloves of the Elephant {MP+9}
  3031 | D:4      | Gained mutation: Your magical capacity is low. (-10% MP)
                  | [potion of mutation]
  3031 | D:4      | Gained mutation: Your flesh is cold resistant. (rC+)
                  | [potion of mutation]
  3031 | D:4      | Gained mutation: Your mind is acute. (Int +4, Str/Dex -1)
                  | [potion of mutation]
  3031 | D:4      | HP: 2/56 [killer bee (2)]
  3031 | D:4      | Slain by a killer bee

Illustrated notes

Levels and vault maps discovered:
D:1:      lemuel_arrival_river_ford, layout_loops_ring, basic_ecumenical_altar,
          serial_shops, shop
D:2:      layout_basic, dreamdust_princess_bridge, uniq_sigmund,
          uniq_crazy_yiuf_cottage
D:3:      wad_river_or_something, layout_basic, xom_teletrap_fun,
          grunt_ministairs_1
D:4:      layout_cave_pools, serial_shops, nicolae_take_the_stairs,
          corexii_hall_statues_i, dk_noncrumbling_4

Skill      XL: |  1  2  3 |
---------------+----------+-----
Fighting       | 3 5 |  5.6
Ranged Weapons | 5 6 |  6.4
Dodging        | |  2.1
Stealth        | |  0.7

Action                   |  1- 3 |  4- 6 || total
-------------------------+-------+-------++-------
 Fire: Shortbow          |    86 |    73 ||   159
  Use: Scroll            |       |     4 ||     4
       Potion            |       |     1 ||     1
Armor: Leather armour    |     6 |    14 ||    20
Dodge: Dodged            |    16 |    27 ||    43
